groovejumper, chaotic female human Monk -----**..*........}}}........}}}}}.............}}}}....}}.}}}........ |0.....(..........}.}:.....O.}}}}}}ooooo......}.}}}..i..}}}}}...........> |@q...............}}}........}}}}}}}oooo...}}}}}}.}....}}}.}}.............. |.................}.}...........}}}}oo.}}}}}}}}.}......}}}.h................ |^.........^.}}}}}}}}............}}}}}}}}}.}}}.}}......}}Y.o...h............ |............}}}}}}}}............))}}}}}}}}}.}.........}}}.................. |...........}}}}}}}}.............)}}}}}}}}}}}}.........}}}................. |...........}}}}}}...........@........}}}}.}}}..........}}}}............... |.......}}}}}}}....................[.}}}}}..............}}}}}............... |....l.%}}}}}}}..j..................}..}.}}}............}}}}}}}............. |........}.}}}}Z....................}}}}}}}}......%.[.....}}.}}.}........... |....}}}}}}Mx.......................}}}.}}}....i..........}}}.}}}.......... |....}}}}}}.........................}}}}}}}}................}}}}}.......... |....}}}}}}x........^................}}}}}}}................}.}}}.......... |....}}}..x..........................}}}}.}.M.................}}}......... |....}}}f............................}}.}..d.................}}}}......... |l...}}}.............................}}}}}...................}}}........... |....}.}}}...........................}}}}}.................}}}}}........... |.....}}}}}...........................}}}}.................}}}}}........... |....}}}}}}...........................}}}..................}}}}}......... * -----}}}}}}...........................}}}..................}}.}}.......##### groovejumper the Student of Stones Experience level: 11 Strength: 18 Dexterity: 15 Constitution: 17 Intelligence: 11 Wisdom: 15 Charisma: 9 Health: 0(69) Energy: 28(80) AC: 4 Gold: 0 Moves: 15341 Your Inventory: Weapons N - 6 uncursed [+0] darts (in quiver) Armor a - an uncursed +2 pair of leather gloves (being worn) L - a blessed +2 cloak called magic resistance named magic resistance [of magic resistance] (being worn) X - an uncursed thoroughly burnt +0 pair of high boots (being worn) Scrolls G - an uncursed scroll of teleportation Tools b - a blessed bag of holding k - an uncursed lock pick u - an uncursed [+0] unicorn horn w - an uncursed sack named wands B - an uncursed blindfold I - the blessed Master Key of Thievery Gems F - a blessed gray stone named luck [luckstone] Contents of the bag of holding: 2609 gold pieces a cursed amulet of ESP a cursed amulet of unchanging a cursed [+1 thirsty] dagger an uncursed [+0] dwarvish cloak [of dexterity] an [uncursed +1] ornamental cope [cloak of displacement] a cursed [+2] pair of riding boots [speed] an uncursed [+0] piece of cloth [cloak of protection] an uncursed cream pie an uncursed [stale cockatrice] egg 5 uncursed food rations 5 cursed food rations 3 uncursed fortune cookies an uncursed lembas wafer a cursed lichen corpse an [uncursed] lichen corpse 4 uncursed lizard corpses a [cursed] mango 5 uncursed oranges an uncursed pancake an uncursed tin [of ape meat] a [cursed] tin [of spinach] 2 uncursed tripe rations a [cursed] tripe ration 2 uncursed scrolls called earth [of earth] an uncursed scroll called light [of light] a [blessed] scroll labeled ACHAT SHTAYIM SHALOSH [of enchant weapon] a blessed scroll of create monster 5 uncursed scrolls of create monster 2 cursed scrolls of create monster a cursed scroll of destroy armor an [uncursed] scroll of enchant armor an uncursed scroll of food detection an uncursed scroll of magic mapping 3 cursed scrolls of magic mapping a blessed scroll of stinking cloud 2 uncursed scrolls of teleportation a [cursed] scroll of teleportation a blessed unlabeled scroll [of blank paper] 2 uncursed unlabeled scrolls [of blank paper] an uncursed magenta spellbook [of cone of cold] an uncursed plaid spellbook [of wizard lock] an uncursed spellbook of magic missile a blessed black potion [of invisibility] an uncursed black potion [of invisibility] 3 cursed black potions [of invisibility] 2 [uncursed] diluted sky blue potions [of sickness] an [uncursed] effervescent potion [of polymorph] a blessed golden potion [of extra healing] a cursed golden potion [of extra healing] an [uncursed] golden potion [of extra healing] an uncursed indigo potion [of restore ability] a cursed indigo potion [of restore ability] 3 cursed pink potions [of fruit juice] 3 blessed potions called water [of holy water] an uncursed potion of healing 5 [uncursed] potions of object detection an uncursed potion of oil a cursed potion of oil an uncursed potion of speed an uncursed ruby potion [of blindness] an uncursed silver potion [of sleeping] a cursed silver potion [of sleeping] an uncursed slimy potion [of see invisible] a cursed viscous potion [of levitation] an uncursed [-1] agate ring [of gain intelligence] a cursed [-1] agate ring [of gain intelligence] an uncursed ivory ring [of shock resistance] an uncursed mithril ring [of invisibility] a cursed mithril ring [of invisibility] a cursed [+2] obsidian ring [of gain dexterity] an uncursed [+0] opal ring [of adornment] an uncursed quartz ring [of sustain ability] a cursed +3 ring of gain constitution a cursed +1 ring of increase accuracy an uncursed ring of poison resistance an uncursed ring of protection from shape changers a [cursed] ring of protection from shape changers an uncursed ring of stealth an uncursed ring of stealth a cursed ring of stealth a cursed ring of teleport control a cursed ring of teleportation a cursed ring of warning a [cursed] twisted ring [of fire resistance] a blessed [+2] wedding ring [of gain strength] an uncursed wooden ring [of see invisible] an uncursed porcelain wand named magic missile [of magic missile (0:5)] an uncursed wand of digging (0:6) an uncursed wand of digging [0:7] an uncursed wand of digging [0:4] a cursed wand of digging [0:6] a cursed wand of digging [0:5] an uncursed wand of locking (0:8) an uncursed wand of striking (0:4) an uncursed wand of striking [0:7] an uncursed wand of undead turning (0:5) an uncursed wand of undead turning [0:6] an uncursed wand of undead turning [0:8] an uncursed wand of undead turning [0:5] an uncursed wand of wishing (1:0) an uncursed can of grease [0:15] an uncursed frost horn (0:5) an uncursed horn of plenty (0:1) an uncursed key [skeleton key] a cursed [magic] lamp named magic a cursed [magic] lamp named magic a cursed magic marker [0:54] an uncursed [+0] pick-axe an uncursed black gem named val [black opal] a cursed gray stone named luck or flint [flint] an uncursed gray stone named touchstone [touchstone] 3 uncursed green gems named val [emerald] an uncursed green gem named val [jade] an uncursed red gem named val [garnet] 2 uncursed red gems named val [ruby] 3 uncursed violet gems named val [amethyst] an [uncursed] white gem [diamond] 2 uncursed white gems named val [diamond] an uncursed yellow gem named val [chrysoberyl] Contents of the sack named wands: a cursed bent wand [of slow monster (0:3)] a blessed forked wand [of sleep (0:7)] a blessed glass wand [of fire (0:4)] a cursed steel wand [of secret door detection (0:13)] an uncursed uranium wand [of cold (0:4)] Spells known in the end: Name Level Category Fail Memory a - protection 1 clerical 27% [||......] b - jumping 1 escape 27% [|||.....] c - force bolt 1 attack 27% [|||.....] d - magic missile 2 attack 27% [||||....] Your skills at the end: Fighting Skills martial arts [Expert / Grand Master] Weapon Skills Spellcasting Skills attack spells [Basic / Basic] healing spells [Basic / Expert] Final Attributes: You were piously aligned. Hunger level was 367. Your alignment was 85 / 86. Monster difficulty range was 1 - 9. Level difficulty was 8. You were immune to fire. You resisted cold. You were immune to sleep. You resisted electricity. You were immune to poison. You were magic-protected. You resisted physical damage. You saw invisible. You were telepathic. You were warned. You had automatic searching. You were stealthy. You could teleport. You had teleport control. You were lucky (4). You had extra luck. Good luck did not time out for you. You are dead. Vanquished creatures: Aphrodite a ghost 2 giant mimics a doppelganger 3 stalkers a xorn a small mimic a warhorse a quantum mechanic a giant turtle 2 gelatinous cubes a large dog a freezing sphere 2 flaming spheres a shocking sphere a gargoyle 2 tengu an ochre jelly 2 leocrottas an energy vortex a human mummy a red naga an ettin zombie a leather golem a giant beetle 3 quivering blobs a winter wolf cub 2 lynxes 3 panthers a spotted jelly 7 leprechauns 2 iron piercers 3 giant spiders 2 black lights 2 vampire bats 2 gnome kings 2 dwarf mummies an ogre a rust monster an owlbear 3 yetis a gold golem 7 lizards a housecat 3 dwarf lords 2 blue jellies a gray unicorn 3 dust vortices a gnome mummy 2 snakes 4 apes 2 rope golems a soldier ant 4 wood nymphs 3 water nymphs 2 mountain nymphs 13 Mordor orcs 2 orc shamans 2 rock piercers 3 enormous rats 3 rock moles 3 ponies 2 fog clouds 3 yellow lights a shrieker a violet fungus 17 gnome lords 9 gnomish wizards a kobold mummy 2 red naga hatchlings a black naga hatchling 2 guardian naga hatchlings 2 gray oozes a barrow wight 6 elf zombies 3 ghouls 2 straw golems 2 paper golems a wax golem 4 giant ants 2 little dogs 2 floating eyes 3 kittens 18 dwarves 2 kobold shamans 19 hill orcs a rothe 2 rabid rats a giant bat a monkey 4 dwarf zombies a werejackal 5 iguanas 7 killer bees 3 acid blobs 8 hobbits a large kobold 2 hobgoblins 5 giant rats 3 cave spiders a brown mold 2 yellow molds 3 red molds 75 gnomes 7 garter snakes 4 gnome zombies 7 geckos 11 jackals a fox 2 kobolds 5 goblins 8 sewer rats 2 grid bugs 4 bats 4 lichens 5 kobold zombies 7 newts 429 creatures vanquished. Voluntary challenges: You pretended to be a vegetarian. You never hit with a wielded weapon. You read items or engraved 12 times. You put on armor 14 times. You never genocided any monsters. You never polymorphed an object. You changed form 1 time. You used 1 wish. You used 1 wish for magical items. You wrote Elbereth's name 1 time. You encountered 2 bones levels. You used 1 Sokoban shortcut. Dungeon overview: The Dungeons of Doom: levels 1 to 9 Level 1 a long staircase Level 2 (stash in chest) a music store Level 3 a general store, a fountain stairs to The Gnomish Mines Level 5 a general store, a fountain Level 6 many fountains Level 7 stairs to Sokoban Level 8 a general store, an altar to Huan Ti Level 9 a fountain stairs to Town The Gnomish Mines: levels 4 to 11 Level 4 stairs to The Dungeons of Doom Level 7 many shops, a temple to Huan Ti, a magic chest, some fountains Level 10 (safe) Level 11 a fountain Sokoban: levels 4 to 6 Level 6 a magic chest stairs to The Dungeons of Doom Town: levels 7 to 8 Level 7 some fountains, many trees Level 8 <- You were here stairs to The Dungeons of Doom History has recorded: On T:1 you entered the Dungeons of Doom to retrieve the Amulet of Yendor! On T:218 you advanced to experience level 2. On T:411 you reached level 2 of The Dungeons of Doom. On T:509 you advanced to experience level 3. On T:761 you reached level 3 of The Dungeons of Doom. On T:1121 you advanced to experience level 4. On T:1149 you reached level 4 of The Dungeons of Doom. On T:1541 you reached level 5 of The Dungeons of Doom. On T:1631 you advanced to experience level 5. On T:1874 you reached level 6 of The Dungeons of Doom. On T:1943 you advanced to experience level 6. On T:2122 you advanced to experience level 7. On T:2432 you reached level 7 of The Dungeons of Doom. On T:2938 you reached level 3 of Sokoban. On T:3103 you advanced to experience level 8. On T:3352 you reached level 2 of Sokoban. On T:3873 you reached level 1 of Sokoban. On T:5264 you reached level 8 of The Dungeons of Doom. On T:5266 you advanced to experience level 9. On T:5645 you wished for "blessed master key of thievery". On T:6343 you reached level 9 of The Dungeons of Doom. On T:6754 you reached level 3 of Town. On T:6950 you received advice from The Oracle. On T:7145 you reached level 1 of The Gnomish Mines. On T:7408 you reached level 2 of The Gnomish Mines. On T:7995 you reached level 3 of The Gnomish Mines. On T:8000 you advanced to experience level 10. On T:8813 you reached level 4 of The Gnomish Mines. On T:9674 you reached level 5 of The Gnomish Mines. On T:10093 you reached level 6 of The Gnomish Mines. On T:10095 you reached level 8 of The Gnomish Mines. On T:10241 you reached level 7 of The Gnomish Mines. On T:12105 you advanced to experience level 11. On T:14043 you reached level 2 of Town. On T:15103 you killed Aphrodite on level 2 of Town. Latest messages: The leocrotta hits! [HP-10=59] The leocrotta hits! The leocrotta bites! The leocrotta misses. [HP-4=55] The leocrotta hits! The leocrotta bites! The leocrotta hits! (2x) The leocrotta bites! The leocrotta hits! [HP-26=29] The leocrotta just misses! The leocrotta bites! The leocrotta hits! [HP-8=21] The leocrotta hits! The leocrotta bites! The leocrotta hits! (2x) The leocrotta bites! The leocrotta hits! You die... Final status: Punardarsanaya groovejumper the Monk... You died in Town on dungeon level 8 with 27047 points, and 2609 pieces of gold, after 15341 moves. You were level 11 with a maximum of 69 hit points when you died.